 Dungeon Crawl Stone Soup version 0.29.1-4-g47bece8355 (webtiles) character file.

Game seed: 7439963048185511176

5 ChadusMaximus the Caller (level 1, -2/10 HPs)
             Began as a Deep Elf Summoner on Dec 4, 2022.
             Slain by a quokka (5 damage)
             ... on level 1 of the Dungeon.
             The game lasted 00:00:23 (115 turns).

ChadusMaximus the Caller (Deep Elf Summoner)         Turns: 115, Time: 00:00:24

Health: -2/10      AC:  2    Str:  5    XL:     1   Next: 66%
Magic:  5/6        EV: 12    Int: 19    God:
Gold:   7          SH:  0    Dex: 15    Spells: 5/6 levels left

rFire   . . .      SeeInvis .   (no weapon)
rCold   . . .      Faith    .   (no shield)
rNeg    . . .      Spirit   .   a - +0 robe
rPois   .          Reflect  .   (no helmet)
rElec   .          Harm     .   (no cloak)
rCorr   .          Rampage  .   (no gloves)
Will    .....                   (no boots)
Stlth   ++........              (no amulet)
HPRegen 0.03/turn               (no ring)
MPRegen 0.10/turn               (no ring)

@: no status effects
A: no striking features
a: no special abilities


You were on level 1 of the Dungeon.
You visited 1 branch of the dungeon, and saw 1 of its levels.

You collected 7 gold pieces.

Inventory:

Armour
 a - a +0 robe (worn)
Jewellery
 c - a +4 ring of protection
Potions
 b - a potion of magic


   Skills:
 - Level 2.4 Dodging
 - Level 2.4 Stealth
 + Level 3.2 Spellcasting
 * Level 4.6 Summonings


You had 5 spell levels left.
You knew the following spells:

 Your Spells              Type           Power      Damage    Failure   Level
a - Summon Small Mammal   Summ           80%        N/A       2%          1

Your spell library contained the following spells:

 Spells                   Type           Power      Damage    Failure   Level
 Call Imp                 Summ           20%        N/A       3%          2
 Call Canine Familiar     Summ           20%        N/A       7%          3
 Summon Guardian Golem    Hex/Summ       11%        N/A       17%         3
 Summon Lightning Spire   Summ/Air       11%        N/A       50%         4


Dungeon Overview and Level Annotations

Branches:
Dungeon (1/15)

Altars:


Message History

The ball python bites you but does no damage.
The ball python grabs you. The ball python constricts you.
Your quokka bites the ball python.
The ball python dies!
Your quokka disappears in a puff of smoke!
You swap places.
An endoplasm comes into view.
An endoplasm is nearby!
An endoplasm is nearby!
Casting: Summon Small Mammal (safe; 2% risk of failure)
Confirm with . or Enter, or press ? or * to list all spells.
The endoplasm quivers.
Your bat hits the endoplasm. The endoplasm closely misses your bat.
Your bat barely misses the endoplasm.
Your bat hits the endoplasm but does no damage.
Your bat hits the endoplasm.
Your rat bites the endoplasm.
Your bat hits the endoplasm.
Your bat hits the endoplasm but does no damage.
Your bat hits the endoplasm.
Your rat bites the endoplasm.
The endoplasm dies!
A quokka comes into view.
Found 2 stones.
Unknown command.
A quokka is nearby!
Casting: Summon Small Mammal (safe; 2% risk of failure)
Confirm with . or Enter, or press ? or * to list all spells.
Your bat disappears in a puff of smoke!
Your rat closely misses the quokka.
The quokka bites your rat.
Your rat dies!
Your rat's corpse disappears in a puff of smoke!
Your quokka barely misses the quokka.
Your quokka barely misses the quokka.
The quokka bites you.
Your quokka bites the quokka.
The quokka barely misses you.
Your quokka barely misses the quokka.
The quokka bites you.
* * * LOW HITPOINT WARNING * * *
Your quokka barely misses the quokka.
The quokka bites you.
Ouch! That really hurt!
You die...

#.......... #.........
###........ #
##.!....... .#
..........##.# .
...............
..........##.##.
(......@........
.....rr...##...
####......#####+######
.......#............#
........#............#
........+............#
#
........#............#
#
........#............#
# .......#...........#
#


You could see a quokka (ally target) and a friendly quokka (summoned).

Vanquished Creatures (collateral kills)
  An endoplasm (D:1)
  A hobgoblin (D:1)
  A ball python (D:1)
  A frilled lizard (D:1)
  A goblin (D:1)
  A rat (D:1)
6 creatures vanquished.

Notes
Turn   | Place    | Note
-------+----------+-------------------------------------------
     0 | D:1      | ChadusMaximus the Deep Elf Summoner began the quest for the
                  | Orb.
     0 | D:1      | Reached XP level 1. HP: 10/10 MP: 6/6
   115 | D:1      | Slain by a quokka

Illustrated notes

Levels and vault maps discovered:
D:1:      grunt_arrival_lava_bath, layout_basic,
          ebering_ecumenical_altar_sacrificial

Action                   || total
-------------------------++-------
Melee: Unarmed           ||     1
 Cast: Summon Small Mamm ||     8
Armor: Robe              ||     3
Dodge: Dodged            ||     1
